 Dungeon Crawl Stone Soup version 0.31-a0-187-gba352fbbf7 (webtiles) character file.

Game seed: 468051113175850267

0 qw the Shooter (level 1, -1/12 HPs)
             Began as a Deep Elf Hunter on June 22, 2023.
             Succumbed to a goblin's poison
             ... on level 1 of the Dungeon.
             The game lasted 00:00:00 (11 turns).

qw the Shooter (Deep Elf Hunter)                      Turns: 11, Time: 00:00:01

Health: -1/12      AC:  3    Str:  8    XL:     1   Next: 0%
Magic:  3/3        EV: 12    Int: 13    God:
Gold:   0          SH:  0    Dex: 18    Spells: 0/0 levels left

rFire   . . .        a - +0 shortbow
rCold   . . .        (shield currently unavailable)
rNeg    . . .        c - +0 leather armour
rPois   .            (no helmet)
rElec   .            (no cloak)
rCorr   .            (no gloves)
SInv    .            (no boots)
Will    .....        (no amulet)
Stlth   ++           (no ring)
HPRegen 0.22/turn    (no ring)
MPRegen 0.08/turn

%: no passive effects
@: lethally poisoned (-1 -> -21)
A: no striking features
a: no special abilities


You were on level 1 of the Dungeon.
You visited 1 branch of the dungeon, and saw 1 of its levels.


   Skills:
 - Level 1.5 Fighting
 + Level 5.3 Ranged Weapons
 - Level 2.4 Dodging
 - Level 1.2 Stealth


You couldn't memorise any spells.
You didn't know any spells.
Your spell library was empty.

Inventory:

Hand Weapons
 a - a +0 shortbow (weapon)
Armour
 c - a +0 leather armour (worn)
Scrolls
 b - a scroll of butterflies

Dungeon Overview and Level Annotations

Branches:
Dungeon (1/15)

Altars:


Message History

Welcome, qw the Deep Elf Hunter.
You feel drawn to the Orb of Zot, downwards into the unfathomable depths...
Press ? for a list of commands and other information.
Found a scroll labelled LUULIL JO CAF and a sling.
Found a staircase leading out of the dungeon.
Options error: Missing colour in message_colour setting: 'then' x2
Waypoint 0 assigned to D:1.
0 ||| PLANNING D:1-11 A goblin comes into view.
It is wielding a +2 dagger of venom.
You shoot an arrow. The arrow completely misses the goblin.
The goblin shouts!
You hear a shout!
You shoot an arrow. The arrow closely misses the goblin.
You shoot an arrow. The arrow hits the goblin.
The goblin is heavily wounded.
You shoot an arrow. The arrow barely misses the goblin.
A kobold comes into view. It is wielding a +0 short sword.
You shoot an arrow. The arrow hits the goblin.
The goblin is severely wounded.
You shoot an arrow. The arrow closely misses the goblin.
The goblin hits you with a +2 dagger of venom.
You are poisoned.
You shoot an arrow. The arrow barely misses the goblin.
You feel very sick.
The goblin hits you with a +2 dagger of venom.
You are more poisoned.
You shoot an arrow. The arrow hits the goblin.
You kill the goblin!
Ouch! That really hurt!
You die...

#####
####8<8####
#.........##
#8.........8#
#...8...8...#
#8......@..8#
##.....)...##
.............#
#.....K.?)...#
#..............
#..........###.
##....#...##
..........


You could see a kobold.

Vanquished Creatures
  A goblin (D:1)
1 creature vanquished.

Notes
Turn   | Place    | Note
-------+----------+-------------------------------------------
     0 | D:1      | qw the Deep Elf Hunter began the quest for the Orb.
     0 | D:1      | Reached XP level 1. HP: 12/12 MP: 3/3
     0 | D:1      | 0 ||| qw: Version: 0.3-a-9-g12657ce
     0 | D:1      | 0 ||| qw: Game counter: 2604
     0 | D:1      | 0 ||| qw: Always use a shield: true
     0 | D:1      | 0 ||| qw: God list: Okawaru
     0 | D:1      | 0 ||| qw: Allow faded altars: false
     0 | D:1      | 0 ||| qw: Do Orc after D:15 true
     0 | D:1      | 0 ||| qw: Do second Lair branch before Depths: true
     0 | D:1      | 0 ||| qw: Lair rune preference: random
     0 | D:1      | 0 ||| qw: Plans: Normal
     0 | D:1      | 0 ||| PLANNING D:1-11
    11 | D:1      | Succumbed to a goblin's poison

Levels and vault maps discovered:
D:1:      mrwooster_arrival_statue_2, layout_rooms, serial_shops, shop,
          minmay_heptomino_l4

Action                     || total
---------------------------++-------
   Fire: Shortbow          ||     8

Table legend:
 A = Non-vault XP
 B = Vault XP
 C = Vault XP percentage of total XP
 D = Non-vault monster count
 E = Vault monster count
 F = Vault count percentage of total count
                 A         B        C        D         E       F
            +---------+---------+-------+---------+---------+-------
      Total |       2 |       0 |   0.0 |       1 |       0 |   0.0
            +---------+---------+-------+---------+---------+-------
        D:1 |       2 |       0 |   0.0 |       1 |       0 |   0.0
            +---------+---------+-------+---------+---------+-------
